 Dungeon Crawl Stone Soup version 0.21-a0-95-g06f091e (webtiles) character file.

5043 GordonOverkill the Covert (level 10, -1/46 HPs)
             Began as a Spriggan Enchanter on July 5, 2017.
             Was an Initiate of Gozag.
             Slain by a death yak (25 damage)
             ... on level 8 of the Dungeon.
             The game lasted 00:29:47 (10814 turns).

GordonOverkill the Covert (Spriggan Enchanter)     Turns: 10814, Time: 00:29:48

Health: -1/46      AC:  5    Str:  4    XL:     10   Next: 30%
Magic:  3/23       EV: 20    Int: 19    God:    Gozag
Gold:   310        SH:  0    Dex: 18    Spells: 17/26 levels left

rFire    . . .     SeeInvis +   F - +0 dagger (venom)
rCold    . . .     Gourm    .   (shield restricted)
rNeg     . . .     Faith    .   b - +1 robe
rPois    .         Spirit   .   (helmet restricted)
rElec    .         Reflect  .   h - +1 cloak
rCorr    .         Harm     .   (gloves unavailable)
MR       +....                  (boots unavailable)
Stlth    +++++.....             (no amulet)
HPRegen  0.15/turn              (no ring)
MPRegen  0.18/turn              (no ring)

@: about to teleport, very slightly contaminated, very quick
A: unfitting armour, see invisible, herbivore 3, speed 3, slow metabolism 2
a: Potion Petition, Call Merchant, Bribe Branch, Renounce Religion


You were on level 8 of the Dungeon.
You worshipped Gozag.
Gozag was aware of your devotion.
You were not hungry.

You visited 2 branches of the dungeon, and saw 9 of its levels.

You collected 447 gold pieces.
You paid 137 gold pieces to Gozag.

Inventory:

Hand Weapons
 a - a +3 dagger
 d - a +1 dagger of draining
 F - a +0 dagger of venom (weapon)
Missiles
 s - 4 silver tomahawks (quivered)
Armour
 b - a +1 robe (worn)
 h - a +1 cloak (worn)
Jewellery
 z - an uncursed ring of wizardry {unknown}
Wands
 g - a wand of flame (48/48)
 w - a wand of acid (7/15)
 y - a wand of random effects (24/48)
 G - a wand of flame (17/48)
Scrolls
 f - 4 scrolls of remove curse
 i - 3 scrolls of teleportation
 m - 5 scrolls of enchant weapon
 p - a scroll of fear
 q - 2 scrolls of blinking
 t - 2 scrolls of recharging
 A - 3 scrolls of amnesia
 B - 3 scrolls of identify
 C - a scroll of fog
 I - a scroll of enchant armour
Potions
 e - 4 potions of flight
 j - 3 potions of mutation {unknown}
 k - 6 potions of curing {unknown}
 l - 2 potions of haste {unknown}
 n - a potion of brilliance {unknown}
 o - 2 potions of magic {unknown}
 r - 2 potions of lignification {unknown}
 u - a potion of ambrosia {unknown}
 v - a potion of invisibility {unknown}
 x - 3 potions of agility {unknown}
 D - a potion of might {unknown}
 E - a potion of degeneration {unknown}
Comestibles
 c - 6 royal jellies
 H - 2 bread rations


   Skills:
 + Level 1.8 Fighting
 + Level 7.8 Short Blades
 + Level 4.6 Dodging
 + Level 11.7 Stealth
 - Level 8.6 Spellcasting
 - Level 10.7 Hexes


You had 17 spell levels left.
You knew the following spells:

 Your Spells              Type           Power        Failure   Level  Hunger
a - Corona                Hex            #####..      1%          1    None
b - Ensorcelled Hibernat  Hex/Ice        ####..       1%          2    None
c - Confuse               Hex            #####...     1%          3    None
d - Tukima's Dance        Hex            #####...     1%          3    None


Dungeon Overview and Level Annotations

Branches:
Dungeon (8/15)             Temple (1/1) D:6            Lair (0/6) D:8

Altars:
Ashenzari
Cheibriados
Dithmenos
Fedhas
Gozag
Hepliaklqana
Kikubaaqudgha
Makhleb
Nemelex Xobeh
Okawaru
Qazlal
Ru
Sif Muna
Trog
Uskayaw
Vehumet
Wu Jian
Xom
Yredelemnul
Zin
The Shining One

Shops:
D:6 (   D:7 :


Innate Abilities, Weirdness & Mutations

You are very small and have problems with some larger weapons.
You are too small for most types of armour.
You have supernaturally acute eyesight. (SInv)
You are a herbivore.
You cover ground extremely quickly.
You need consume almost no food.


Message History

The death yak is outlined in light.
The death yak snorts and paws the ground.
The death yak gores you!
You hit the death yak but do no damage.
The death yak looks as sick as possible!
The death yak is lightly wounded.
You hit the death yak but do no damage.
The death yak looks as sick as possible!
The death yak is lightly wounded.
The death yak gores you but does no damage.
You hit the death yak but do no damage.
The death yak is lightly wounded.
The death yak gores you.
As you read the scroll of teleportation, it crumbles to dust.
You feel strangely unstable. The death yak closely misses you.
The death yak stops glowing.
The death yak gores you!!
Ouch! That really hurt!
You die...
Your body crumbles into a pile of gold.

##.###### #........
#.<###### #..#
#######..# #
#........# ####
#######.## #...
######...##.# #.##
#.@##..)..### ##.##
#Y###.⌠.⌠..####....
#Y##..._...'.......
#.##..⌠.⌠..####..##
#.##......### #..#
##Y####...##.# #..#
#.....######.# #..#
#..###.# #.# #..#
#..# #.## #.# #..#


You could see 3 death yaks.

Vanquished Creatures
  A two-headed ogre (D:4)
  The ghost of Murumi the Shield-Bearer, a novice GrFi (D:6)
  Joseph (D:7)
  Prince Ribbit (D:6)
  Grinder (D:5)
  Sigmund (D:6)
  4 hogs (D:7)
  A human (D:7)
  A hungry ghost (D:7)
  Menkaure (D:5)
  Edmund (D:6)
  An orc warrior (D:7)
  2 ice beasts
  2 sky beasts
  2 black bears
  2 ogres
  3 centaurs
  2 bullfrogs
  3 scorpions
  4 howler monkeys
  3 crimson imps
  A centaur zombie (D:7)
  A centaur skeleton (D:4)
  A bullfrog skeleton (D:4)
  Crazy Yiuf (D:2)
  2 orc wizards (D:7)
  Terence (D:2)
  Jessica (D:3)
  An iguana (D:6)
  3 worker ants
  Robin (D:2)
  3 gnolls (D:5)
  6 adders
  2 shadow imps
  An adder skeleton (D:4)
  2 worms
  2 dart slugs
  8 leopard geckos
  14 orcs
  12 giant cockroaches
  17 goblins
  12 hobgoblins
  3 jackals (D:1)
  5 quokkas
  2 ball pythons
  9 bats
  9 frilled lizards
  5 kobolds
  A leopard gecko skeleton (D:4)
  6 rats
170 creatures vanquished.

Notes
Turn   | Place    | Note
-------+----------+-------------------------------------------
     0 | D:1      | GordonOverkill the Spriggan Enchanter began the quest for the Orb.
     0 | D:1      | Reached XP level 1. HP: 9/9 MP: 5/5
   381 | D:1      | Reached XP level 2. HP: 4/13 MP: 4/6
   661 | D:1      | Learned a level 2 spell: Ensorcelled Hibernation
  1309 | D:1      | Reached XP level 3. HP: 13/16 MP: 1/8
  1597 | D:1      | Reached skill level 5 in Stealth
  1609 | D:1      | Learned a level 3 spell: Confuse
  2057 | D:2      | Found a glowing silver altar of Zin.
  2057 | D:2      | Found a radiant altar of Vehumet.
  2851 | D:2      | Noticed Robin
  3017 | D:2      | Reached XP level 4. HP: 20/21 MP: 8/10
  3062 | D:2      | Noticed Terence
  3327 | D:2      | Found a runed door.
  3411 | D:2      | Learned a level 3 spell: Tukima's Dance
  3484 | D:2      | Reached skill level 5 in Hexes
  3495 | D:2      | Killed Robin
  3874 | D:2      | Killed Terence
  3874 | D:2      | Reached XP level 5. HP: 16/24 MP: 2/11
  4052 | D:2      | Noticed Crazy Yiuf
  4056 | D:2      | Killed Crazy Yiuf
  4101 | D:3      | Noticed Jessica
  4108 | D:3      | Killed Jessica
  4533 | D:3      | Found a glowing golden altar of the Shining One.
  4747 | D:3      | Reached skill level 6 in Stealth
  4747 | D:3      | Reached XP level 6. HP: 28/28 MP: 9/13
  5536 | D:4      | Reached XP level 7. HP: 26/32 MP: 9/15
  5720 | D:4      | Reached skill level 5 in Spellcasting
  5920 | D:4      | Found an ancient bone altar of Kikubaaqudgha.
  5922 | D:4      | Found a hazy altar of Hepliaklqana.
  5922 | D:4      | Found a shimmering altar of Xom.
  5924 | D:4      | Found a burning altar of Makhleb.
  5924 | D:4      | Found an ornate altar of the Wu Jian Council.
  5924 | D:4      | Found a shimmering altar of Xom.
  6054 | D:4      | Noticed a two-headed ogre
  6094 | D:4      | Killed a two-headed ogre
  6094 | D:4      | Reached skill level 8 in Stealth
  6094 | D:4      | Reached XP level 8. HP: 36/36 MP: 3/18
  6228 | D:5      | Entered Level 5 of the Dungeon
  6228 | D:5      | Noticed Grinder
  6245 | D:5      | Killed Grinder
  6245 | D:5      | Reached skill level 5 in Short Blades
  6406 | D:5      | Found an iron altar of Okawaru.
  6409 | D:5      | Noticed Menkaure
  6416 | D:5      | Killed Menkaure
  6535 | D:5      | Found an iron altar of Okawaru.
  6585 | D:5      | Reached skill level 9 in Stealth
  7287 | D:6      | Noticed Edmund
  7301 | D:6      | Killed Edmund
  7301 | D:6      | Reached XP level 9. HP: 29/39 MP: 15/20
  7380 | D:6      | Noticed Murumi's ghost (novice GrFi)
  7392 | D:6      | Killed Murumi's ghost
  7455 | D:6      | Noticed Prince Ribbit
  7462 | D:6      | Killed Prince Ribbit
  7462 | D:6      | Reached skill level 10 in Stealth
  7462 | D:6      | Reached skill level 10 in Hexes
  7487 | D:6      | Found Xastrocukk's Weapon Shoppe.
  7495 | D:6      | Noticed Sigmund
  7770 | D:6      | Killed Sigmund
  8295 | D:6      | Found a staircase to the Ecumenical Temple.
  8307 | Temple   | Entered the Ecumenical Temple
  8895 | D:7      | Noticed Joseph
  8909 | D:7      | Killed Joseph
  8978 | D:7      | Reached skill level 11 in Stealth
  9107 | D:7      | Reached XP level 10. HP: 44/44 MP: 20/23
  9145 | D:7      | Found a shadowy altar of Dithmenos.
  9520 | D:7      | Reached skill level 1 in Fighting
  9751 | D:7      | Found Qaz Quel's Book Shoppe.
  9903 | D:8      | Found an opulent altar of Gozag.
  9907 | D:8      | Became a worshipper of Gozag Ym Sagoz the Greedy
  9998 | D:8      | Found a glowing silver altar of Zin.
 10071 | D:8      | Noticed a death yak
 10074 | D:8      | Found a staircase to the Lair.
 10074 | D:8      | Noticed a death yak
 10075 | D:8      | Noticed a death yak
 10075 | D:8      | Noticed a death yak
 10076 | D:8      | Noticed a death yak
 10814 | D:8      | Slain by a death yak

Vault maps used:
D:1:      lightli_arrival_statuegarden
D:2:      gammafunk_temple_overflow_wave, uniq_crazy_yiuf_cottage, uniq_robin,
          uniq_terence
D:3:      nicolae_tso_carved_into_rock, uniq_jessica
D:4:      doesnt_xom_only_xom
D:5:      overflow_temple_1_default, first_bread, okawaru_metal_pillars_1_2,
          uniq_menkaure, uniq_grinder
D:6:      minmay_temple_entry_nine_rooms, serial_shops, shop,
          minmay_lizard_king, uniq_edmund, uniq_prince_ribbit1, uniq_sigmund
D:7:      serial_shops, shop, grunt_livestock, st_stairs_6,
          grunt_dithmenos_smoke, uniq_joseph
D:8:      lemuel_crystal_altar, dpeg_lair_monsters, minivault_1,
          kennysheep_small_circle
Temple:   eino_temple_rhombus

Skill      XL: |  1  2  3  4  5  6  7  8  9 10 |
---------------+-------------------------------+-----
Hexes          | 4 5 6 8 9 10 | 10.7
Spellcasting   | 3 4 6 7 8 |  8.6
Stealth        | 5 6 8 9 11 | 11.7
Short Blades   | 2 3 4 5 7 |  7.8
Fighting       | 1 |  1.8
Dodging        | 4 |  4.6

Action                   |  1- 3 |  4- 6 |  7- 9 | 10-12 || total
-------------------------+-------+-------+-------+-------++-------
Melee: Dagger            |   154 |   171 |    96 |    56 ||   477
 Cast: Corona            |    32 |    30 |     1 |     3 ||    66
       Ensorcelled Hiber |    36 |    15 |    24 |     3 ||    78
       Confuse           |     1 |     3 |    23 |    43 ||    70
       Tukima's Dance    |       |       |       |     1 ||     1
  Use: Scroll            |       |     9 |     7 |     2 ||    18
       Potion            |       |     1 |       |       ||     1
 Stab: Sleeping          |    19 |    21 |    26 |     5 ||    71
       Distracted        |     1 |       |       |       ||     1
       Confused          |       |     4 |    24 |     6 ||    34
  Eat: Bread ration      |     1 |       |     1 |       ||     2
Armor: Robe              |    24 |    12 |     7 |     1 ||    44
Dodge: Dodged            |   143 |   111 |    22 |    22 ||   298
